 Seeded DCSS version 0.28-a0-657-g71136c5590 (webtiles) character file.

Game seed: 20211010 (custom seed)

773 a11behringer the Slasher (level 7, -2/61 HPs)
             Began as a Minotaur Fighter on Oct 14, 2021.
             Was an Initiate of Okawaru.
             Slain by a polar bear (3 damage)
             ... created by the rage of Trog
             ... on level 5 of the Dungeon.
             The game lasted 00:16:14 (4086 turns).

a11behringer the Slasher (Minotaur Fighter)         Turns: 4086, Time: 00:16:15

Health: -2/61      AC: 14    Str: 22    XL:     7   Next: 53%
Magic:  6/6        EV:  8    Int:  5    God:    Okawaru [......]
Gold:   176        SH:  5    Dex: 16    Spells: 6/6 levels left

rFire   . . .      SeeInvis .   k - +8 autumn katana {vorpal, Clar}
rCold   . . .      Faith    .   c - +0 buckler
rNeg    . . .      Spirit   .   D - +1 chain mail of the Doldrums {rElec}
rPois   .          Reflect  .   (helmet restricted)
rElec   +          Harm     .   z - +1 cloak
rCorr   .          Rampage  .   (no gloves)
Will    .....      Clarity  +   e - +0 pair of boots
Stlth   ..........              (no amulet)
HPRegen 0.20/turn               v - +6 ring of dexterity
MPRegen 0.10/turn               (no ring)

@: no status effects
A: horns 2, retaliatory headbutt
a: Renounce Religion


You were on level 5 of the Dungeon.
You worshipped Okawaru.
Okawaru was noncommittal.
You visited 2 branches of the dungeon, and saw 6 of its levels.

You collected 176 gold pieces.

Inventory:

Hand Weapons
 a - a +1 long sword
 i - a +0 great sword
 k - the +8 autumn katana (weapon) {vorpal, Clar}
   (You acquired it on level 4 of the Dungeon)

   It inflicts extra damage upon your enemies.
   Clar:      It protects you against confusion.
 s - a +0 hunting sling
 C - a +1 short sword of flaming
Missiles
 q - 63 sling bullets
 y - 48 arrows
 B - 44 bolts
Armour
 b - a +0 scale mail
 c - a +0 buckler (worn)
 e - a +0 pair of boots (worn)
 u - a scarf of invisibility
 x - a +0 chain mail
 z - a +1 cloak (worn)
 D - the +1 chain mail of the Doldrums (worn) {rElec}
   (You found it on level 4 of the Dungeon)

   rElec:     It insulates you from electricity.
Jewellery
 v - a +6 ring of dexterity (left hand)
Wands
 A - a wand of iceblast (8)
Scrolls
 g - a scroll of identify
 h - 3 scrolls of teleportation
 j - 3 scrolls of enchant armour
Potions
 d - a potion of might
 f - 6 potions of curing
 l - 2 potions of flight {unknown}
 m - a potion of resistance
 n - a potion of attraction {unknown}
 o - a potion of heal wounds {unknown}
 p - a potion of invisibility {unknown}
 r - 2 potions of brilliance {unknown}
 t - a potion of berserk rage {unknown}
 E - a potion of haste


   Skills:
 + Level 5.1 Fighting
 * Level 7.8 Long Blades
 + Level 5.5 Armour
 - Level 1.0 Dodging
 - Level 0.3 Stealth
 + Level 5.0 Shields


You had 6 spell levels left.
You didn't know any spells.
Your spell library was empty.

Dungeon Overview and Level Annotations

Branches:
Dungeon (5/15)             Temple (1/1) D:4

Altars:
Ashenzari
Cheibriados
Dithmenos
Kikubaaqudgha
Makhleb
Okawaru
Trog
The Shining One


Innate Abilities, Weirdness & Mutations

You have a pair of horns on your head.
You reflexively headbutt those who attack you in melee.


Message History

You closely miss the gnoll.
The gnoll is moderately wounded.
You block the gnoll's attack.
You slash the gnoll!
You kill the gnoll!
Okawaru accepts your kill. You block the orc's attack.
You closely miss the orc. The orc hits you but does no damage.
You closely miss the orc. Your headbutt misses the orc.
The orc hits you but does no damage.
You slice the orc!!
You kill the orc!
Okawaru accepts your kill.
You see here a +0 club.
v - a +6 ring of dexterity You feel agile.
v - a +6 ring of dexterity (left hand) Trog sends monsters to punish you. 6 polar bears and a black bear come into view.
The polar bear moves out of view.
You slice the black bear!! You headbutt the black bear.
The black bear is heavily wounded.
You hear an angry growl.
The polar bear bites you!
The polar bear claws you but does no damage.
The polar bear claws you. You block the black bear's attack. x2
The black bear barely misses you. The polar bear bites you!
* * * LOW HITPOINT WARNING * * *
The polar bear claws you but does no damage.
The polar bear claws you.
* * * LOW HITPOINT WARNING * * *
You barely miss the black bear.
The black bear is heavily wounded.
The polar bear completely misses you. You furiously retaliate!
You headbutt the polar bear!
The polar bear claws you but does no damage.
The polar bear claws you.
* * * LOW HITPOINT WARNING * * *
The polar bear bites you.
You die...

...###.. #.# # ##
###..#..####.#
.##.#. ..#..#...|..#
.
.....####.##)#######
#.##.##...)))..#
...........####
#..#h#)#.#
#..hhh...#
##.#@#.#.# #..hh.#.#
###.###.# ... ..#
...# ### ####


You could see 5 polar bears and a black bear (berserk).

Vanquished Creatures
  Sigmund (D:2)
  Duvessa (D:4)
  A necrophage (D:4)
  An ogre (D:5)
  A scorpion (D:4)
  Dowan (D:4)
  A hound (D:4)
  Crazy Yiuf (D:3)
  A gnoll shaman (D:5)
  Robin (D:2)
  3 adders
  3 gnolls (D:5)
  2 worms (D:3)
  4 dart slugs
  7 orcs
  3 bats
  An endoplasm (D:1)
  3 giant cockroaches
  15 goblins
  10 hobgoblins
  3 jackals (D:3)
  4 kobolds
  3 ball pythons
  2 frilled lizards
  A quokka skeleton (D:4)
  2 rats (D:1)
76 creatures vanquished.

Vanquished Creatures (others)
  3 fungi (D:3)
3 creatures vanquished.

Grand Total: 79 creatures vanquished

Notes
Turn   | Place    | Note
-------+----------+-------------------------------------------
     0 | D:1      | a11behringer the Minotaur Fighter began the quest for the
                  | Orb.
     0 | D:1      | Reached XP level 1. HP: 19/19 MP: 0/0
   298 | D:1      | Reached XP level 2. HP: 23/27 MP: 1/1
   638 | D:1      | Found a faded altar of an unknown god.
   845 | D:1      | Prayed at the altar of an unknown god.
   845 | D:1      | Became a worshipper of Trog the Wrathful
   845 | D:1      | Reached * piety under Trog
   865 | D:1      | You fall into a shaft and drop 1 floor!
   905 | D:2      | Noticed Sigmund
   916 | D:2      | Killed Sigmund
   917 | D:2      | Reached skill level 4 in Long Blades
   917 | D:2      | Reached XP level 3. HP: 14/33 MP: 2/2
   917 | D:2      | Reached XP level 4. HP: 18/40 MP: 3/3
   917 | D:2      | Reached XP level 5. HP: 20/46 MP: 4/4
  1103 | D:2      | Noticed Robin
  1113 | D:2      | Killed Robin
  1201 | D:2      | Reached ** piety under Trog
  1491 | D:2      | Reached skill level 5 in Long Blades
  1493 | D:2      | Found a shadowy altar of Dithmenos.
  1971 | D:3      | Found a snail-covered altar of Cheibriados.
  2315 | D:3      | Reached XP level 6. HP: 53/53 MP: 5/5
  2417 | D:3      | Found a broken altar of Ashenzari.
  2528 | D:3      | Found a runed translucent door.
  2529 | D:3      | Noticed Crazy Yiuf
  2535 | D:3      | Killed Crazy Yiuf
  2683 | D:4      | Reached skill level 5 in Armour
  2891 | D:4      | Reached skill level 6 in Long Blades
  2927 | D:4      | Noticed Dowan
  2930 | D:4      | Noticed Duvessa
  2951 | D:4      | Killed Duvessa
  2956 | D:4      | Killed Dowan
  2957 | D:4      | Reached skill level 1 in Dodging
  2957 | D:4      | Reached skill level 5 in Shields
  2957 | D:4      | Reached XP level 7. HP: 60/60 MP: 6/6
  2980 | D:4      | Identified the +1 chain mail of the Doldrums {rElec}
  3036 | D:4      | Identified the +5 mace of the Head {drain, rElec rF-
                  | Int+10}
  3227 | D:4      | Identified a scroll of acquirement
  3227 | D:4      | Acquired the +8 autumn katana {vorpal, Clar}
  3227 | D:4      | Found the +8 autumn katana {vorpal, Clar}
  3243 | D:4      | Reached skill level 7 in Long Blades
  3499 | D:4      | Found a staircase to the Ecumenical Temple.
  3823 | Temple   | Entered the Ecumenical Temple
  3838 | Temple   | Fell from the grace of Trog
  3838 | Temple   | Became a worshipper of Warmaster Okawaru
  3891 | D:5      | Entered Level 5 of the Dungeon
  3933 | D:5      | Reached skill level 5 in Fighting
  4084 | D:5      | Noticed a polar bear
  4084 | D:5      | Noticed a polar bear
  4084 | D:5      | Noticed a polar bear
  4084 | D:5      | Noticed a polar bear
  4084 | D:5      | Noticed a polar bear
  4084 | D:5      | Noticed a polar bear
  4086 | D:5      | HP: 1/61 [polar bear[the rage of Trog] (6)]
  4086 | D:5      | Slain by a polar bear

Illustrated notes

Levels and vault maps discovered:
D:1:      lightli_arrival_boilingwater, layout_loops_ring,
          shapermc_ecumenical_altar_hornbeckon
D:2:      layout_rooms, basic_altar, uniq_robin, uniq_sigmund
D:3:      layout_rooms, marbit_many_paths, cheibrodos_worm_habitat,
          uniq_crazy_yiuf_cottage
D:4:      layout_layer_cave, minmay_temple_entry_trees, nrook_mini_backslash,
          uniq_duvessa
D:5:      layout_loops_ring, kennysheep_generic_room_16, uniq_blork_the_orc
Temple:   nicolae_temple_elliptical

Skill      XL: |  1  2  3  4  5  6  7 |
---------------+----------------------+-----
Shields        | 4 5 |  5.0
Fighting       | 4 5 |  5.1
Long Blades    | 4 5 6 7 |  7.8
Armour         | 4 5 |  5.5
Dodging        | 1 |  1.0
Stealth        | |  0.3

Action                   |  1- 3 |  4- 6 |  7- 9 || total
-------------------------+-------+-------+-------++-------
Melee: Long sword        |    25 |   149 |       ||   174
       Headbutt          |     6 |    23 |     2 ||    31
       Katana            |       |       |    23 ||    23
Invok: Berserk           |       |     2 |       ||     2
       Trog's Hand       |       |     2 |       ||     2
  Use: Scroll            |       |       |     7 ||     7
Armor: Scale mail        |    10 |    28 |       ||    38
       Chain mail        |       |    34 |    14 ||    48
Dodge: Dodged            |    11 |    47 |     5 ||    63
Block: Buckler           |     5 |    28 |     6 ||    39

Table legend: (Time is in decaauts)
 A = Elapsed time spent in this place.
 B = Non-inter-level travel time spent in this place.
 C = Inter-level travel time spent in this place.
 D = Time resting spent in this place.
 E = Time spent auto-exploring this place.
 F = Levels seen in this place.
 G = Mean time per level.
                   A        B        C        D        E       F      G
               +--------+--------+--------+--------+--------+-----+--------+
         Total |   4155 |   3247 |    908 |      0 |   2702 |   6 |  692.5 |
       Dungeon |   4120 |   3244 |    876 |      0 |   2702 |   5 |  824.0 |
        Temple |     34 |      2 |     32 |      0 |      0 |   1 |   34.0 |
               +--------+--------+--------+--------+--------+-----+--------+

Top non-repeatable levels by time:
     D:4: 1236 daAuts
     D:3: 986 daAuts
     D:1: 894 daAuts
     D:2: 811 daAuts
     D:5: 191 daAuts
  Temple: 34 daAuts
